 Dungeon Crawl Stone Soup version 0.22-a0-425-g89d60a1 (webtiles) character file.

606 Firecrotchwizard the Magician (level 7, -7/51 HPs)
             Began as a Gnoll Wizard on May 23, 2018.
             Mangled by a phantom (10 damage)
             ... on level 4 of the Dungeon on May 24, 2018.
             The game lasted 00:12:47 (5778 turns).

Firecrotchwizard the Magician (Gnoll Wizard)        Turns: 5778, Time: 00:12:48

Health: -7/51      AC:  3    Str:  9    XL:     7   Next: 42%
Magic:  18/18      EV: 14    Int: 23    God:
Gold:   187        SH:  0    Dex: 13    Spells: 10/21 levels left

rFire    . . .     SeeInvis .   n - +0 short sword (flame)
rCold    . . .     Gourm    .   (no shield)
rNeg     . . .     Faith    .   a - +0 robe
rPois    .         Spirit   .   b - +0 hat
rElec    .         Reflect  .   (no cloak)
rCorr    .         Harm     .   v - +0 pair of gloves
MR       .....                  (no boots)
Stlth    +++.......             (no amulet)
HPRegen  0.17/turn              (no ring)
MPRegen  0.16/turn              (no ring)

@: no status effects
A: distributed training, fangs 1, strong nose
a: no special abilities


You were on level 4 of the Dungeon.
You were not hungry.

You visited 1 branch of the dungeon, and saw 4 of its levels.

You collected 187 gold pieces.

Inventory:

Hand Weapons
 e - a +0 dagger
   (You took it off a goblin on level 1 of the Dungeon)
 n - a +0 short sword of flaming (weapon)
   (You took it off a kobold on level 2 of the Dungeon)
Missiles
 h - a throwing net {=f, !d}
Armour
 a - a +0 robe (worn)
 b - a +0 hat (worn)
 v - a +0 pair of gloves (worn)
   (You found it on level 3 of the Dungeon)
Wands
 z - a wand of digging (9)
   (You found it on level 4 of the Dungeon)
 B - a wand of iceblast (12)
   (You found it on level 4 of the Dungeon)
Scrolls
 g - 2 scrolls of enchant armour {unknown}
 j - 3 scrolls of remove curse
 l - 2 scrolls of identify
 o - a scroll of random uselessness {unknown}
 u - 2 scrolls of amnesia {unknown}
 w - a scroll of fog {unknown}
 x - a scroll of teleportation {unknown}
 y - a scroll of fear {unknown}
 A - 2 scrolls of enchant weapon {unknown}
Potions
 c - 2 potions of flight {unknown}
 f - a potion of haste {unknown}
 i - 2 potions of brilliance {unknown}
 k - 2 potions of curing {unknown}
 m - 2 potions of berserk rage {unknown}
 p - a potion of heal wounds {unknown}
 q - a potion of might {unknown}
 s - a potion of degeneration {unknown}
 t - a potion of resistance {unknown}
Comestibles
 d - 4 rations {@e1}
 r - a chunk of flesh {@w0}


   Skills:
 + Level 2.4 Fighting
 + Level 2.4 Short Blades
 + Level 2.4 Long Blades
 + Level 2.4 Axes
 + Level 2.4 Maces & Flails
 + Level 2.4 Polearms
 + Level 2.4 Staves
 + Level 2.4 Slings
 + Level 2.4 Bows
 + Level 2.4 Crossbows
 + Level 2.4 Throwing
 + Level 2.4 Armour
 + Level 5.2 Dodging
 + Level 4.9 Stealth
 + Level 2.4 Shields
 + Level 2.4 Unarmed Combat
 + Level 7.6 Spellcasting
 + Level 2.9 Conjurations
 + Level 2.0 Hexes
 + Level 2.0 Charms
 + Level 2.9 Summonings
 + Level 2.0 Necromancy
 + Level 2.9 Translocations
 + Level 2.0 Transmutations
 + Level 2.0 Fire Magic
 + Level 2.0 Ice Magic
 + Level 2.0 Air Magic
 + Level 2.0 Earth Magic
 + Level 2.0 Poison Magic
 + Level 2.7 Invocations
 + Level 2.4 Evocations


You had 10 spell levels left.
You knew the following spells:

 Your Spells              Type           Power        Failure   Level  Hunger
a - Magic Dart            Conj           ###.         2%          1    None
b - Blink                 Tloc           N/A          3%          2    None
c - Call Imp              Summ           ###.....     3%          2    None
d - Conjure Flame         Conj/Fire      ###.....     8%          3    None
x - Mephitic Cloud        Conj/Pois/Air  ###.....     9%          3    None

Your spell library contained the following spells:

 Spells                   Type           Power        Failure   Level  Hunger
 Slow                     Hex            ###.....     4%          2    None


Dungeon Overview and Level Annotations

Branches:
Dungeon (4/15)
 Temple: D:4-7

Altars:
Trog
Wu Jian
Xom

Annotations:
D:4 exclusion: Sigmund, Sigmund


Innate Abilities, Weirdness & Mutations

Your experience applies equally to all skills.
You have very sharp teeth.
Your uncanny sense of smell can sniff out nearby items.


Message History

A phantom comes into view.
You regained 23 hp, and now have 29/51 hp.
MP restored: 18
Things that are here:
a whip; an orc corpse You butcher the orc corpse.
r - a chunk of flesh {@w0}
Things that are here:
a whip; an orc skeleton
Aim: a phantom The magic dart hits the phantom.
The phantom misses your crimson imp.
You now have 17/18 mp.
Your crimson imp hits the phantom but does no damage.
The phantom closely misses your crimson imp.
Things that are here:
a whip; a leather armour Your crimson imp hits the phantom.
The phantom hits your crimson imp!
Items here: $ )) ††† a mace; 13 gold pieces; a club; an orc corpse; a frilled lizard corpse an iguana corpse Your crimson imp misses the phantom.
The phantom hits your crimson imp.
The phantom blinks!
Things that are here:
a whip; a leather armour
Things that are here:
a whip; an orc skeleton A beastly little devil appears in a puff of flame.
You now have 16/18 mp.
Aim: a phantom (lightly damaged)
The magic dart hits the phantom.
The phantom hits your crimson imp.
You now have 15/18 mp.
Your crimson imp completely misses the phantom.
You barely miss the phantom.
Your crimson imp barely misses the phantom.
Your crimson imp completely misses the phantom.
The phantom barely misses you.
You completely miss the phantom.
Your crimson imp barely misses the phantom.
You closely miss the phantom.
Your crimson imp misses the phantom.
The phantom blinks!
You swap places.
Your crimson imp blinks!
Your crimson imp hits the phantom.
The phantom closely misses your crimson imp.
Your crimson imp closely misses the phantom.
Your crimson imp hits the phantom but does no damage.
You swap places.
The phantom hits you.
Your crimson imp closely misses the phantom.
You take 1 damage, and have 30/51 hp.
You barely miss the phantom.
The phantom blinks!
Your crimson imp barely misses the phantom.
The phantom hits you!
Your crimson imp hits the phantom.
You take 7 damage, and have 23/51 hp.
You hit the phantom but do no damage.
The phantom blinks!
Aim: a phantom (lightly damaged) Really fire in your crimson imp's direction?
Okay, then.
The phantom hits your crimson imp but does no damage.
Your crimson imp misses the phantom.
You can't see any susceptible monsters within range! (Use Z to cast anyway.) Unknown command.
Your crimson imp misses the phantom.
The phantom closely misses your crimson imp.
Your crimson imp hits the phantom but does no damage.
Your crimson imp closely misses the phantom.
The phantom blinks!
The phantom blinks!
Your crimson imp barely misses the phantom.
You closely miss the phantom. The phantom hits you!
* * * LOW HITPOINT WARNING * * *
Your crimson imp misses the phantom.
You take 10 damage, and have 14/51 hp.
You hit the phantom. You burn the phantom.
Your crimson imp hits the phantom.
The phantom hits you but does no damage.
Your crimson imp closely misses the phantom.
MP restored: 18 You hit the phantom.
You burn the phantom.
You punch the phantom, but do no damage.
Your crimson imp blinks!
The phantom hits you.
* * * LOW HITPOINT WARNING * * *
Your crimson imp blinks!
You take 5 damage, and have 9/51 hp.
You hit the phantom. You burn the phantom.
Your crimson imp blinks!
The phantom misses you.
You hit the phantom but do no damage. The phantom hits you!
* * * LOW HITPOINT WARNING * * *
You take 8 damage, and have 2/51 hp.
Your crimson imp hits the phantom but does no damage.
Things that are here:
a flail; an orc corpse Your crimson imp hits the phantom but does no damage.
The phantom blinks!
Things that are here:
a flail; an orc corpse You swap places.
Your crimson imp hits the phantom but does no damage.
The phantom hits you!
You die...

o....## #.# #######.# .o..#
#(# #.......# .. #..# #.#
#.####### $...##..### #.# #.#
## ..........# #.# #.# #.
.)..###.#.####.# #.# #. .#.
#.....$..# #.# #.
###.###W5#######.#######. .
#..)5.@.....<.......##.
..#####.###....#####.####.##.
........####.#.# #.# #.##.
.............#.# #.# #.##.
...........).#.# #.# #....
#..#####.####)#.# #.# ####.
.........# #)#.# #.# #.
..#######.####.#.# #. #.
...................... #.


You could see a phantom and 2 friendly crimson imps.

Vanquished Creatures
  A phantom (D:4)
  A scorpion (D:4)
  A hound (D:4)
  An orc wizard (D:3)
  Jessica (D:2)
  An iguana (D:4)
  Natasha (thrice) (D:3)
  A worker ant (D:4)
  4 gnolls (D:3)
  6 adders
  2 worms (D:3)
  4 dart slugs
  5 leopard geckos
  6 orcs
  A ball python (D:3)
  3 giant cockroaches
  8 goblins
  13 hobgoblins
  2 quokkas (D:3)
  5 bats
  4 frilled lizards
  6 kobolds
  9 rats
88 creatures vanquished.

Vanquished Creatures (collateral kills)
  The ghost of dracfodder the Ducker, an amateur HaMo (D:3)
  A worker ant (D:4)
  A hound skeleton (D:4)
  An orc (D:4)
4 creatures vanquished.

Grand Total: 92 creatures vanquished

Notes
Turn   | Place    | Note
-------+----------+-------------------------------------------
     0 | D:1      | Firecrotchwizard the Gnoll Wizard began the quest for the Orb.
     0 | D:1      | Reached XP level 1. HP: 13/13 MP: 8/8
   100 | D:1      | Reached skill level 2 in Conjurations
   100 | D:1      | Reached skill level 2 in Summonings
   100 | D:1      | Reached skill level 2 in Translocations
   319 | D:1      | Reached XP level 2. HP: 19/19 MP: 8/10
  1447 | D:1      | Reached XP level 3. HP: 25/25 MP: 11/11
  1451 | D:1      | Learned a level 2 spell: Blink
  1454 | D:1      | Learned a level 2 spell: Call Imp
  1458 | D:1      | Learned a level 3 spell: Conjure Flame
  1462 | D:1      | Learned a level 3 spell: Mephitic Cloud
  2197 | D:2      | Reached skill level 1 in Invocations
  2342 | D:2      | Noticed Jessica
  2347 | D:2      | Killed Jessica
  2347 | D:2      | Reached skill level 1 in Fighting
  2347 | D:2      | Reached skill level 1 in Short Blades
  2347 | D:2      | Reached skill level 1 in Long Blades
  2347 | D:2      | Reached skill level 1 in Axes
  2347 | D:2      | Reached skill level 1 in Maces & Flails
  2347 | D:2      | Reached skill level 1 in Polearms
  2347 | D:2      | Reached skill level 1 in Staves
  2347 | D:2      | Reached skill level 1 in Slings
  2347 | D:2      | Reached skill level 1 in Bows
  2347 | D:2      | Reached skill level 1 in Crossbows
  2347 | D:2      | Reached skill level 1 in Throwing
  2347 | D:2      | Reached skill level 1 in Armour
  2347 | D:2      | Reached skill level 1 in Shields
  2347 | D:2      | Reached skill level 1 in Unarmed Combat
  2347 | D:2      | Reached skill level 1 in Evocations
  2347 | D:2      | Reached XP level 4. HP: 32/32 MP: 9/13
  2836 | D:2      | Reached skill level 1 in Hexes
  2836 | D:2      | Reached skill level 1 in Charms
  2836 | D:2      | Reached skill level 1 in Necromancy
  2836 | D:2      | Reached skill level 1 in Transmutations
  2836 | D:2      | Reached skill level 1 in Fire Magic
  2836 | D:2      | Reached skill level 1 in Ice Magic
  2836 | D:2      | Reached skill level 1 in Air Magic
  2836 | D:2      | Reached skill level 1 in Earth Magic
  2836 | D:2      | Reached skill level 1 in Poison Magic
  2838 | D:2      | Found an ornate altar of the Wu Jian Council.
  3053 | D:3      | Noticed Natasha
  3060 | D:3      | Killed Natasha
  3060 | D:3      | Reached XP level 5. HP: 28/37 MP: 6/14
  3163 | D:3      | Noticed dracfodder's ghost (amateur HaMo)
  3181 | D:3      | Killed dracfodder's ghost
  3387 | D:3      | Noticed Natasha
  3394 | D:3      | Killed Natasha
  3394 | D:3      | Reached XP level 6. HP: 33/44 MP: 9/16
  3490 | D:3      | Reached skill level 2 in Invocations
  3517 | D:3      | Noticed Natasha
  3527 | D:3      | Killed Natasha
  4113 | D:3      | Found a shimmering altar of Xom.
  4116 | D:3      | HP: 10/44 [gnoll/halberd (13)]
  4117 | D:3      | Reached skill level 5 in Dodging
  4128 | D:3      | HP: 10/44 [gnoll/spear (2)]
  4221 | D:3      | Reached skill level 2 in Fighting
  4221 | D:3      | Reached skill level 2 in Short Blades
  4221 | D:3      | Reached skill level 2 in Long Blades
  4221 | D:3      | Reached skill level 2 in Axes
  4221 | D:3      | Reached skill level 2 in Maces & Flails
  4221 | D:3      | Reached skill level 2 in Polearms
  4221 | D:3      | Reached skill level 2 in Staves
  4221 | D:3      | Reached skill level 2 in Slings
  4221 | D:3      | Reached skill level 2 in Bows
  4221 | D:3      | Reached skill level 2 in Crossbows
  4221 | D:3      | Reached skill level 2 in Throwing
  4221 | D:3      | Reached skill level 2 in Armour
  4221 | D:3      | Reached skill level 2 in Shields
  4221 | D:3      | Reached skill level 2 in Unarmed Combat
  4221 | D:3      | Reached skill level 2 in Evocations
  4450 | D:3      | Found a bloodstained altar of Trog.
  4931 | D:4      | Noticed Sigmund
  4972 | D:4      | Reached XP level 7. HP: 42/50 MP: 9/18
  5174 | D:4      | HP: 11/50 [iguana (11)]
  5594 | D:4      | HP: 11/51 [iguana (2)]
  5596 | D:4      | Reached skill level 2 in Hexes
  5596 | D:4      | Reached skill level 2 in Charms
  5596 | D:4      | Reached skill level 2 in Necromancy
  5596 | D:4      | Reached skill level 2 in Transmutations
  5596 | D:4      | Reached skill level 2 in Fire Magic
  5596 | D:4      | Reached skill level 2 in Ice Magic
  5596 | D:4      | Reached skill level 2 in Air Magic
  5596 | D:4      | Reached skill level 2 in Earth Magic
  5596 | D:4      | Reached skill level 2 in Poison Magic
  5604 | D:4      | HP: 6/51 [orc/mace (7)]
  5768 | D:4      | HP: 9/51 [phantom (5)]
  5770 | D:4      | HP: 2/51 [phantom (8)]
  5778 | D:4      | Mangled by a phantom

Vault maps used:
D:1:      lightli_arrival_lavapool
D:2:      lemuel_coloured_pillars_altar, grunt_ministairs_15, uniq_jessica
D:3:      minitemple, first_ration, uniq_natasha
D:4:      uniq_sigmund

Skill      XL: |  1  2  3  4  5  6  7 |
---------------+----------------------+-----
Conjurations   | 2 |  2.9
Summonings     | 2 |  2.9
Translocations | 2 |  2.9
Invocations    | 1 2 |  2.7
Fighting       | 1 2 |  2.4
Short Blades   | 1 2 |  2.4
Long Blades    | 1 2 |  2.4
Axes           | 1 2 |  2.4
Maces & Flails | 1 2 |  2.4
Polearms       | 1 2 |  2.4
Staves         | 1 2 |  2.4
Slings         | 1 2 |  2.4
Bows           | 1 2 |  2.4
Crossbows      | 1 2 |  2.4
Throwing       | 1 2 |  2.4
Armour         | 1 2 |  2.4
Shields        | 1 2 |  2.4
Unarmed Combat | 1 2 |  2.4
Evocations     | 1 2 |  2.4
Hexes          | 1 2 |  2.0
Charms         | 1 2 |  2.0
Necromancy     | 1 2 |  2.0
Transmutations | 1 2 |  2.0
Fire Magic     | 1 2 |  2.0
Ice Magic      | 1 2 |  2.0
Air Magic      | 1 2 |  2.0
Earth Magic    | 1 2 |  2.0
Poison Magic   | 1 2 |  2.0
Dodging        | 5 |  5.2
Stealth        | |  4.9
Spellcasting   | |  7.6

Action                   |  1- 3 |  4- 6 |  7- 9 || total
-------------------------+-------+-------+-------++-------
Melee: Dagger            |   109 |     9 |       ||   118
       Bite              |     5 |     9 |       ||    14
       Short sword       |       |   115 |    33 ||   148
       Punch             |       |     1 |     2 ||     3
 Cast: Magic Dart        |    15 |    81 |    50 ||   146
       Call Imp          |       |     5 |     6 ||    11
       Conjure Flame     |       |       |     1 ||     1
  Use: Scroll            |     1 |     2 |       ||     3
 Stab: Sleeping          |     6 |     6 |       ||    12
       Distracted        |     1 |       |       ||     1
  Eat: Chunk             |     4 |     9 |       ||    13
       Ration            |       |       |     1 ||     1
Armor: Robe              |    21 |    18 |     2 ||    41
Dodge: Dodged            |    72 |    91 |    25 ||   188

Table legend:
 A = Spawn XP
 B = Non-spawn XP
 C = Spawn XP percentage of total XP
 D = Spawn monster count
 E = Non-spawn monster count
 F = Spawn count percentage of total count
 G = Total turns spent on level
                    A         B        C        D         E        F      G
               +---------+---------+-------+---------+---------+-------+---------
         Total |       0 |     866 |   0.0 |       0 |      92 |   0.0 |  5778
               +---------+---------+-------+---------+---------+-------+---------
           D:1 |       0 |      38 |   0.0 |       0 |      20 |   0.0 |  1976
           D:2 |       0 |     101 |   0.0 |       0 |      21 |   0.0 |  1077
           D:3 |       0 |     358 |   0.0 |       0 |      35 |   0.0 |  1728
           D:4 |       0 |     369 |   0.0 |       0 |      16 |   0.0 |   997
               +---------+---------+-------+---------+---------+-------+---------

Vault maps used:
D:1:      lightli_arrival_lavapool
D:2:      lemuel_coloured_pillars_altar, grunt_ministairs_15, uniq_jessica
D:3:      minitemple, first_ration, uniq_natasha
D:4:      uniq_sigmund

Table legend:
 A = Turns spent in this place as a percentage of turns spent in the entire game.
 B = Non-inter-level travel turns spent in this place as a percentage of non-inter-level travel turns spent in the entire game.
 C = Inter-level travel turns spent in this place as a percentage of turns spent in this place.
 D = Turns resting spent in this place as a percentage of non-inter-level travel turns spent in this place.
 E = Turns spent auto-exploring this place as a percentage of non-inter-level travel turns spent in this place.
 F = Non-inter-level travel turns spent in this place divided by the number of levels of this place that you've seen.
                   A       B       C       D       E      F
               +-------+-------+-------+-------+-------+----------------------
         Total | 100.0 | 100.0 |   2.1 |  40.7 |  41.8 | 1414.0
       Dungeon | 100.0 | 100.0 |   2.1 |  40.7 |  41.8 | 1414.0
               +-------+-------+-------+-------+-------+----------------------

Table legend:
 A = Kills in this place as a percentage of kills in entire the game.
 B = Kills by you in this place as a percentage of kills by you in the entire game.
 C = Kills by friends in this place as a percentage of kills by friends in the entire game.
 D = Other kills in this place as a percentage of other kills in the entire game.
 E = Experience gained in this place as a percentage of experience gained in the entire game.
 F = Experience gained in this place divided by the number of levels of this place that you have seen.
                   A       B       C       D       E      F
               +-------+-------+-------+-------+-------+----------------------
         Total | 100.0 | 100.0 | 100.0 |   N/A | 100.0 | 216.5
       Dungeon | 100.0 | 100.0 | 100.0 |   N/A | 100.0 | 216.5
               +-------+-------+-------+-------+-------+----------------------
